 Dungeon Crawl Stone Soup version 0.26.1-11-gd32895ea62 (webtiles) character file.

Game seed: 857110141200265234

3664 H0rd4k the Martial Artist (level 10, 0/63 HPs)
             Began as an Octopode Transmuter on July 15, 2021.
             Was an Initiate of Gozag.
             Slain by an orc warrior
             ... wielding a +0 glaive
              (43 damage)
             ... in a bailey on July 19, 2021.
             The game lasted 00:13:56 (11527 turns).

H0rd4k the Martial Artist (Octopode Transmuter)    Turns: 11527, Time: 00:13:57

Health: 0/63       AC:  1    Str: 16    XL:     10   Next: 12%
Magic:  19/19      EV: 15    Int: 19    God:    Gozag
Gold:   652        SH:  0    Dex: 12    Spells: 12/21 levels left

rFire    x . .     SeeInvis .     - Unarmed
rCold    + . .     Faith    +   (no shield)
rNeg     + . .     Spirit   .   (helmet restricted)
rPois    .         Reflect  .   n - amulet of faith
rElec    .         Harm     .   h - ring of flight
rCorr    .         Rampage  .   m - +6 ring of strength
Will     .....                  o - ring of positive energy
Stlth    ++........             t - ring of ice
HPRegen  0.20/turn              (no ring)
MPRegen  0.16/turn              (no ring)
                                (no ring)
                                (no ring)

@: no status effects
A: almost no armour, stealthy swim, amphibious, 8 rings, constrict 8, camouflage
1, gelatinous body 1
a: Renounce Religion, Evoke Flight, Potion Petition, Call Merchant, Bribe Branch


You were in a bailey.
You worshipped Gozag.
Gozag was pleased with you.
You visited 2 branches of the dungeon, and saw 10 of its levels.
You also visited: Bailey.

You collected 781 gold pieces.
You paid 129 gold pieces to Gozag.

Inventory:

Jewellery
 h - a ring of flight (left tentacle)
 m - a +6 ring of strength (right tentacle)
 n - an amulet of faith (around mantle)
 o - a ring of positive energy (on tentacle)
 t - a ring of ice (on tentacle)
Wands
 w - a wand of acid (5)
 x - a wand of polymorph (25)
 z - a wand of iceblast (8)
Scrolls
 a - a scroll of blinking {unknown}
 d - 2 scrolls of random uselessness {unknown}
 j - 6 scrolls of enchant weapon
 l - 3 scrolls of teleportation
 p - a scroll of silence {unknown}
 q - 4 scrolls of remove curse
 r - a scroll of noise {unknown}
 u - a scroll of amnesia {unknown}
 v - a scroll of magic mapping
 y - 3 scrolls of holy word
 A - a scroll of fog
Potions
 c - 7 potions of curing
 e - a potion of flight
 f - 3 potions of resistance
 g - 2 potions of brilliance
 i - 3 potions of invisibility
 k - a potion of cancellation
 s - a potion of mutation


   Skills:
 + Level 3.3 Fighting
 + Level 4.5 Dodging
 - Level 0.4 Stealth
 + Level 9.8 Unarmed Combat
 * Level 6.1 Spellcasting
 * Level 6.6 Transmutations
 - Level 1.6 Poison Magic
 + Level 1.3 Evocations


You had 12 spell levels left.
You knew the following spells:

 Your Spells              Type           Power        Failure   Level
a - Beastly Appendage     Tmut           62%          1%          1
b - Spider Form           Tmut/Pois      10%          6%          3
c - Blade Hands           Tmut           15%          21%         5

Your spell library contained the following spells:

 Spells                   Type           Power        Failure   Level
 Wereblood                Tmut           31%          1%          2
 Magic Dart               Conj           20%          11%         1
 Searing Ray              Conj           10%          17%         2
 Ice Form                 Ice/Tmut       27%          28%         4
 Dazzling Flash           Conj/Hex       10%          32%         3
 Fulminant Prism          Conj/Hex       2%           73%         4
 Iskenderun's Mystic Bla  Conj/Tloc      5%           73%         4


Dungeon Overview and Level Annotations

Branches:
Dungeon (9/15)             Temple (1/1) D:7             Orc (0/2) D:9
 Bailey (1/1)
   Lair: D:8-11

Altars:
Ashenzari
Cheibriados
Dithmenos
Elyvilon
Fedhas
Gozag
Hepliaklqana
Kikubaaqudgha
Makhleb
Nemelex Xobeh
Okawaru
Qazlal
Ru
Sif Muna
Trog
Uskayaw
Vehumet
Wu Jian
Xom
Yredelemnul
Zin
The Shining One

Shops:
D:8 :

Annotations:
D:6 exclusion: downstairs
D:8 Maurice


Innate Abilities, Weirdness & Mutations

You cannot wear most types of armour.
You are very stealthy in the water. (Stealth+)
You are amphibious.
You can wear up to eight rings at the same time.
You can use your tentacles to constrict eight enemies at once.
Your skin changes colour to match your surroundings (Stealth+).
Your rubbery body absorbs attacks. (AC +1, EV +1)


Message History

You barely miss the orc warrior. The orc knight closely misses you.
The orc warrior closely misses you.
The orc knight roars a battlecry!
The orc warriors go into a battle-frenzy!
Your transformation is almost over.
Your transformation has ended.
Things that are here:
a +0 ring mail; 13 bolts; a +0 arbalest The orc warrior no longer looks unusually strong.
There is a gate leading back out of this place here.
Things that are here:
a +0 scale mail; 15 bolts; a +0 arbalest Really walk into that permanent teleport trap?
Okay, then.
The orc knight roars a battlecry!
The orc warrior goes into a battle-frenzy!
The orc warrior hits you from afar with a +0 glaive!!!
Ouch! That really hurt!
You die...
Your body crumbles into a pile of gold.

...................
#...................
#...................
#....................
#.......≈≈≈≈≈.........
#.....(≈≈#.#≈≈........
#......≈##.##≈........
#......≈..^@.≈........
#......≈##[∩#≈.......
#......≈≈#[#o≈....#######
#.......≈(≈≈≈[....##....##
#.............o...##.....##
#........(.....o..##'''#..##
#.............##..##∩.o##..#
#......(......##.####'####.#
#......(......##.'[#oo.#)'.#


You could see an orc knight and 2 orc warriors.

Vanquished Creatures
  2 wyverns
  Eustachio (D:4)
  3 ice beasts
  2 sky beasts (D:8)
  5 orc warriors
  A black bear (D:8)
  3 ogres
  2 big kobolds
  3 bullfrogs
  4 scorpions
  3 killer bees (D:9)
  2 centaur zombies (D:5)
  3 bullfrog zombies
  An orc priest (D:9)
  2 hounds
  A bullfrog skeleton (D:8)
  5 orc wizards (D:7)
  2 centaur skeletons
  3 iguanas
  3 worker ants
  4 gnolls (D:4)
  11 adders
  4 white imps
  3 oozes
  An adder skeleton (D:5)
  3 worms (D:2)
  2 dart slugs
  3 leopard geckos
  15 orcs
  A ball python (D:2)
  7 giant cockroaches
  13 goblins
  5 hobgoblins
  14 jackals
  4 quokkas
  7 bats
  2 frilled lizards
  A jackal skeleton (D:6)
  10 kobolds
  3 quokka skeletons (D:4)
  A quokka zombie (D:5)
  5 rats
  A spectral orc (D:5)
171 creatures vanquished.

Vanquished Creatures (collateral kills)
  A two-headed ogre (D:9)
  A sky beast (D:9)
  A wight (D:9)
  A worker ant (D:9)
4 creatures vanquished.

Vanquished Creatures (others)
  A black bear (D:9)
  A centaur (D:9)
  A bullfrog (D:9)
  A worker ant (D:9)
4 creatures vanquished.

Grand Total: 179 creatures vanquished

Notes
Turn   | Place    | Note
-------+----------+-------------------------------------------
     0 | D:1      | H0rd4k the Octopode Transmuter began the quest for the Orb.
     0 | D:1      | Reached XP level 1. HP: 13/13 MP: 3/3
   369 | D:1      | Reached XP level 2. HP: 14/18 MP: 5/5
  1134 | D:1      | Reached XP level 3. HP: 21/23 MP: 6/6
  1138 | D:1      | Learned a level 3 spell: Spider Form
  1659 | D:2      | Reached skill level 4 in Unarmed Combat
  1664 | D:1      | Reached XP level 4. HP: 2/28 MP: 4/7
  2297 | D:2      | Reached skill level 1 in Poison Magic
  2620 | D:2      | Reached XP level 5. HP: 18/33 MP: 8/8
  3988 | D:4      | Noticed Eustachio
  3996 | D:4      | Killed Eustachio
  3997 | D:4      | Reached skill level 5 in Unarmed Combat
  3997 | D:4      | Reached XP level 6. HP: 24/38 MP: 5/10
  4675 | D:4      | Reached XP level 7. HP: 29/45 MP: 5/11
  4688 | D:4      | Reached skill level 6 in Unarmed Combat
  4894 | D:5      | Entered Level 5 of the Dungeon
  5046 | D:5      | Found a basalt altar of Yredelemnul.
  5628 | D:5      | Reached XP level 8. HP: 50/50 MP: 7/13
  6366 | D:6      | Reached skill level 7 in Unarmed Combat
  7003 | D:7      | Noticed a wyvern
  7019 | D:7      | Killed a wyvern
  7527 | D:7      | Found a staircase to the Ecumenical Temple.
  7539 | Temple   | Entered the Ecumenical Temple
  7608 | Temple   | Became a worshipper of Gozag Ym Sagoz the Greedy
  8624 | D:7      | Reached skill level 8 in Unarmed Combat
  8651 | D:7      | Reached skill level 5 in Transmutations
  8879 | D:7      | Reached XP level 9. HP: 55/55 MP: 13/16
  9226 | D:8      | Reached skill level 5 in Spellcasting
  9287 | D:8      | Learned a level 5 spell: Blade Hands
  9372 | D:8      | Found Wyeni's Book Boutique.
 10220 | D:8      | Noticed Maurice
 10326 | D:8      | Reached skill level 9 in Unarmed Combat
 10378 | D:9      | Found a staircase to the Orcish Mines.
 10389 | D:9      | Noticed a two-headed ogre
 10402 | D:9      | Killed a two-headed ogre
 10415 | D:9      | HP: 2/57 [goblin/+0 spear (5)]
 10420 | D:9      | Found a flagged portal.
 10438 | Bailey   | Entered a bailey
 10729 | Bailey   | Reached XP level 10. HP: 15/63 MP: 15/19
 10995 | Bailey   | Reached skill level 1 in Evocations
 11491 | Bailey   | Found a roughly hewn altar of Beogh.
 11491 | Bailey   | Noticed an orc knight
 11527 | Bailey   | Slain by an orc warrior

Illustrated notes

Levels and vault maps discovered:
D:1:      dpeg_arrival_boxorama, layout_loops_ring
D:2:      minmay_skewed_foursquare, layout_basic, st_stairs_11
D:3:      layout_loops_ring
D:4:      layout_cave_pools, uniq_eustachio
D:5:      layout_basic, yredelemnul_forgotten_temple_becter
D:6:      layout_basic
D:7:      layout_layer_cave, minmay_temple_entry_ruins
D:8:      layout_basic, serial_shops, shop, minmay_starry_boxes, uniq_maurice
D:9:      layout_cross, enter_bailey_3, uniq_erolcha
Temple:   compressed_dpeg_circular_temple
Bailey:   bailey_polearm_2, bailey

Skill      XL: |  1  2  3  4  5  6  7  8  9 10 |
---------------+-------------------------------+-----
Unarmed Combat | 4 5 6 8 9 |  9.8
Poison Magic   | 1 |  1.6
Dodging        | 3 4 |  4.5
Fighting       | 2 3 |  3.3
Transmutations | 3 4 5 6 |  6.6
Spellcasting   | 3 4 6 |  6.1
Evocations     | 1 |  1.3
Stealth        | |  0.4

Action                   |  1- 3 |  4- 6 |  7- 9 | 10-12 || total
-------------------------+-------+-------+-------+-------++-------
Melee: Unarmed           |    67 |   141 |   233 |    29 ||   470
       Constrict         |    16 |    24 |    16 |     1 ||    57
       Tentacles         |     9 |    21 |    12 |     2 ||    44
       Punch             |       |     3 |     6 |       ||     9
 Cast: Spider Form       |     1 |     6 |    23 |     4 ||    34
Evoke: Wand              |       |       |    11 |     3 ||    14
  Use: Potion            |       |     2 |     3 |       ||     5
       Scroll            |       |       |    12 |     2 ||    14
 Stab: Sleeping          |     2 |     5 |     6 |     1 ||    14
       Distracted        |       |     1 |     1 |       ||     2
Armor: Skin              |     7 |    10 |     4 |       ||    21
Dodge: Dodged            |    58 |    74 |   170 |    29 ||   331
